 Dungeon Crawl Stone Soup version 0.31-a0-667-g39726597b9 (webtiles) character file.

Game seed: 16269722126990057371

54 Ofeo the Changeling (level 3, 20/30 HPs)
             Began as a Draconian Shapeshifter on Sept 3, 2023.
             Quit the game on level 2 of the Dungeon.
             The game lasted 00:01:08 (1061 turns).

Ofeo the Changeling (Draconian Shapeshifter)        Turns: 1061, Time: 00:01:09

Health: 20/30      AC:  5    Str: 16    XL:     3   Next: 66%
Magic:  3/3        EV: 12    Int: 10    God:
Gold:   57         SH:  0    Dex: 12    Spells: 2/2 levels left

rFire   . .          .
                       - Unarmed
rCold   . . .        (no shield)
rNeg    . . .        (body armour unavailable)
rPois   .            (helmet currently unavailable)
rElec   .            (cloak currently unavailable)
rCorr   .            (gloves currently unavailable)
SInv    .            (boots currently unavailable)
Will    .....        (no amulet)
Stlth   +            (no ring)
HPRegen 0.25/turn    (no ring)
MPRegen 0.08/turn

%: no passive effects
@: beast-form
A: beast (slay +2), AC +5, unfitting armour, cold-blooded
a: Begin Untransformation


You were on level 2 of the Dungeon.
You were a hulking beast.
You visited 1 branch of the dungeon, and saw 2 of its levels.

You collected 57 gold pieces.

Inventory:

Talismans
 b - a beast talisman (active)
 c - a flux talisman
Scrolls
 d - a scroll of blinking {unknown}
 e - 2 scrolls of teleportation {unknown}
 f - a scroll of amnesia {unknown}
 g - a scroll of fog {unknown}
Potions
 a - a potion of mutation {unknown}
 l - a potion of lignification


   Skills:
 + Level 2.4 Fighting
 + Level 2.4 Dodging
 - Level 3.0 Unarmed Combat
 + Level 3.5 Shapeshifting


You had 2 spell levels left.
You didn't know any spells.
Your spell library was empty.

Dungeon Overview and Level Annotations

Branches:
Dungeon (2/15)

Altars:


Innate Abilities, Weirdness & Mutations

You are a hulking beast.
Your limbs bulge with bestial killing power. (Slay +2)
Your plain brown scales are hard. (AC +5)
You cannot fit into any form of body armour.
You are cold-blooded and may be slowed by cold attacks.


Message History

You hit the orc. You punch the orc, but do no damage.
The orc is moderately wounded.
The orc hits you but does no damage.
You hit the orc.
You tail-slap the orc, but do no damage.
The orc is heavily wounded.
An adder comes into view.
The orc hits you with a +0 dagger.
You take 2 damage, and have 17/29 hp.
The adder hisses angrily.
You hit the orc but do no damage. You tail-slap the orc.
The orc is almost dead.
The orc hits you with a +0 dagger.
You take 1 damage, and have 16/29 hp.
You hit the orc.
You kill the orc!
You punch the adder!
The adder is almost dead.
The adder bites you. The adder bites you but does no damage.
You take 1 damage, and have 15/29 hp.
You closely miss the adder.
The adder is almost dead.
The adder barely misses you.
You hit the adder.
You kill the adder!
An orc comes into view. It is wielding a +0 dagger.
Items here: ))) [ †††††.
The orc shouts!
You hear a shout!
An orc comes into view. It is wielding a +0 short sword.
Items here: ))) [ †††††.
Okay, then.
You punch the orc!
You kill the orc!
You hit the orc. You tail-slap the orc.
You kill the orc!
Things that are here:
a +0 dagger; a +0 short sword; an orc corpse
Things that are here:
a +0 dagger; a +0 short sword; an orc corpse Are you sure you want to abandon this character and quit the game? (Confirm with "yes".)

### ..# ####.#
#<##.# # #.##.#
#####
.####.#)##.##......
..$.....h.)........
.####.#.##.##......
#.#....# ..... .
....## ....
.......# ###
#.......# #.......#
#.......#


There were no monsters in sight!

Vanquished Creatures
  2 adders (D:2)
  A worm (D:2)
  4 orcs (D:2)
  2 ball pythons (D:1)
  3 endoplasms (D:1)
  2 giant cockroaches (D:1)
  4 goblins
  3 kobolds (D:1)
  2 quokkas (D:1)
  2 bats (D:1)
  A frilled lizard (D:1)
  2 rats
28 creatures vanquished.

Notes
Turn   | Place    | Note
-------+----------+-------------------------------------------
     0 | D:1      | Ofeo the Draconian Shapeshifter began the quest for the
                  | Orb.
     0 | D:1      | Reached XP level 1. HP: 16/16 MP: 1/1
   209 | D:1      | Found a faded altar of an unknown god.
   349 | D:1      | Reached XP level 2. HP: 21/23 MP: 2/2
  1032 | D:2      | Reached XP level 3. HP: 23/29 MP: 3/3
  1061 | D:2      | Quit the game

Illustrated notes

Levels and vault maps discovered:
D:1:      dpeg_arrival_round_a, layout_loops_ring,
          shapermc_ecumenical_altar_petra, dreamdust_princess_bridge,
          minmay_pentomino_z4
D:2:      layout_basic

Skill      XL: |  1  2 |
---------------+-------+-----
Dodging        | 2 |  2.4
Fighting       | 2 |  2.4
Unarmed Combat | |  3.0
Shapeshifting  | |  3.5

Action                     || total
---------------------------++-------
  Melee: Unarmed           ||    81
         Tailslap          ||    10
         Punch             ||     2
   Stab: Sleeping          ||     1
 Armour: Skin              ||    43
  Dodge: Dodged            ||    39

Table legend: (Time is in decaauts)
 A = Elapsed time spent in this place.
 B = Non-inter-level travel time spent in this place.
 C = Inter-level travel time spent in this place.
 D = Time resting spent in this place.
 E = Time spent auto-exploring this place.
 F = Levels seen in this place.
 G = Mean time per level.
                   A        B        C        D        E       F      G
               +--------+--------+--------+--------+--------+-----+--------+
         Total |   1058 |    957 |    101 |      0 |    783 |   2 |  529.0 |
       Dungeon |   1058 |    957 |    101 |      0 |    783 |   2 |  529.0 |
               +--------+--------+--------+--------+--------+-----+--------+

Top non-repeatable levels by time:
     D:1: 1019 daAuts
     D:2: 38 daAuts
